Map: 2000 Atmospheres LE

Players

Isu

  • Race: Protoss Protoss
  • League: Diamond
  • Spawn Location: 7:00

Pumba - Winner!

  • Race: Protoss Protoss
  • League: Diamond
  • Spawn Location: 3:00

VOD

Have the link to the VOD?

Description

Time

  • Played on: March 8, 2022, 9:35 p.m.
  • Length: 8:15
Show
View Real Time Build Order
Export as new Build Order

Isu Protoss 

Build Orders: Phoenix Opening 

Get SALT Encoding   

  12  0:00  Probe  
  13  0:12  Probe  
  14  0:18  Pylon  
  14  0:24  Probe  
  15  0:36  Gateway  
  15  0:41  Probe (Chrono Boost)  
  17  0:50  Probe (Chrono Boost), Assimilator  
  17  0:55  Probe (Chrono Boost)  
  17  1:03  Assimilator  
  18  1:07  Probe (Chrono Boost)  
  19  1:18  Probe (Chrono Boost)  
  20  1:23  Cybernetics Core  
  20  1:25  Probe  
  21  1:37  Probe  
  22  1:43  Pylon  
  22  1:49  Probe  
  23  2:11  Adept (Chrono Boost)  
  23  2:15  Warp Gate  
  25  2:17  Gateway  
  25  2:21  Stargate  
  25  2:35  Probe  
  26  2:43  Adept  
  28  2:48  Shield Battery  
  28  3:05  Phoenix  
  30  3:36  Pylon  
  30  3:40  Pylon  
  30  3:52  Nexus  
  30  3:56  Void Ray (Chrono Boost), Pylon  
  34  4:11  Pylon  
  34  4:12  Probe  
  35  4:24  Probe  
  35  4:26  Void Ray  
  40  4:36  Probe (Chrono Boost)  
  23  4:48  Probe (Chrono Boost)  
  24  4:53  Probe (Chrono Boost)  
  25  5:00  Void Ray (Chrono Boost)  
  25  5:03  Probe  
  30  5:15  Probe  
  30  5:17  Shield Battery  
  31  5:27  Probe  
  32  5:28  Probe  
  33  5:39  Probe  
  33  5:40  Probe  
  35  5:43  Stalker  
  37  5:52  Stalker  
  41  5:58  Probe x2 (Chrono Boost)  
  41  6:05  Probe (Chrono Boost)  
  41  6:07  Probe (Chrono Boost)  
  43  6:14  Probe  
  43  6:18  Probe (Chrono Boost)  
  44  6:27  Probe (Chrono Boost)  
  44  6:30  Probe (Chrono Boost)  
  46  6:45  Nexus  
  46  6:51  Void Ray  
  48  7:04  Sentry  
  50  7:08  Pylon  
  50  7:11  Probe (Chrono Boost), Gateway  
  50  7:14  Gateway  
  40  7:22  Probe (Chrono Boost)  
  40  7:26  Stalker  
  40  7:28  Stalker  
  38  7:37  Void Ray (Chrono Boost)  
  38  7:43  Shield Battery  
  42  7:44  Probe x2  
  42  7:49  Stalker  
  46  7:51  Stalker  
  46  7:55  Pylon  
  46  7:56  Probe x2  
Show
View Real Time Build Order
Export as new Build Order

Pumba Protoss - Winner!

Build Orders: Oracle Opening 

Get SALT Encoding   

  12  0:00  Probe  
  14  0:14  Probe  
  14  0:17  Pylon  
  14  0:26  Probe  
  15  0:38  Probe (Chrono Boost)  
  15  0:40  Gateway  
  16  0:49  Probe (Chrono Boost), Assimilator  
  17  0:54  Probe (Chrono Boost)  
  18  0:57  Assimilator  
  18  1:04  Probe (Chrono Boost)  
  18  1:10  Gateway  
  19  1:15  Probe (Chrono Boost)  
  20  1:20  Probe (Chrono Boost)  
  21  1:27  Cybernetics Core  
  21  1:31  Probe  
  22  1:35  Pylon  
  22  1:43  Probe  
  23  1:56  Probe  
  24  2:07  Warp Gate, Stalker x2  
  28  2:12  Pylon  
  28  2:20  Probe  
  29  2:34  Stargate  
  29  2:35  Probe  
  29  2:49  Nexus  
  29  2:55  Probe  
  30  3:03  Adept x2  
  34  3:09  Probe  
  35  3:27  Oracle (Chrono Boost)  
  35  3:29  Probe  
  39  3:38  Twilight Council  
  39  3:46  Shield Battery  
  39  3:48  Pylon  
  39  4:01  Probe  
  40  4:07  Stalker x2  
  40  4:09  Probe  
  45  4:12  Void Ray (Chrono Boost)  
  45  4:13  Probe  
  50  4:25  Probe  
  49  4:39  Stalker x2  
  46  4:53  Probe (Chrono Boost)  
  46  4:57  Probe (Chrono Boost)  
  48  5:02  Assimilator  
  48  5:04  Probe (Chrono Boost), Assimilator  
  50  5:07  Probe (Chrono Boost)  
  50  5:09  Probe (Chrono Boost)  
  50  5:11  Blink (Chrono Boost)  
  51  5:17  Probe  
  51  5:19  Probe (Chrono Boost)  
  53  5:25  Pylon  
  53  5:35  Probe (Chrono Boost)  
  54  5:38  Forge  
  54  5:41  Probe (Chrono Boost)  
  54  5:42  Gateway x2  
  55  5:51  Probe (Chrono Boost)  
  55  5:56  Probe (Chrono Boost)  
  57  6:01  Probe (Chrono Boost)  
  59  6:05  Probe (Chrono Boost)  
  59  6:07  Nexus  
  59  6:10  Pylon  
  59  6:11  Probe  
  59  6:15  Probe  
  61  6:26  Probe, Pylon  
  61  6:27  Probe  
  61  6:32  Stalker  
  65  6:33  Stalker  
  67  6:41  Stalker x2  
  67  6:43  Probe x2  
  73  6:55  Probe x2  
  73  7:00  Gateway  
  75  7:02  Gateway  
  75  7:03  Pylon  
  75  7:05  Stalker  
  75  7:07  Stalker  
  77  7:33  Stalker x4  
  77  7:36  Probe  
  77  7:37  Probe x2  
  88  8:01  Stalker  
  88  8:02  Stalker x5  
Tags
 
Add a new tag
Caveats
  • Supply blocks, unpowered buildings, or Contaminate may cause inaccurate times.
  • Supply counts are checked every 10 seconds.